 Dungeon Crawl Stone Soup version 0.30-a0-359-gd0147acb1a (webtiles) character file.

Game seed: 873514181128882205

21 NinjaNoafa the Trooper (level 2, 0/24 HPs)
             Began as a Demonspawn Chaos Knight on Nov 11, 2022.
             Was a Plaything of Xom.
             Killed from afar by a smoke demon (17 damage)
             ... with a ball of steam
             ... summoned by Xom
             ... on level 1 of the Dungeon.
             The game lasted 00:01:42 (941 turns).

NinjaNoafa the Trooper (Demonspawn Chaos Knight)     Turns: 941, Time: 00:01:43

Health: 0/24       AC:  5    Str: 11 (12) XL:     2   Next: 62%
Magic:  2/2        EV:  9    Int: 13      God:    Xom [......]
Gold:   88         SH:  0    Dex: 12      Spells: 1/1 levels left

rFire   . . .      SeeInvis .    a - +1 hand axe (chaos)
rCold   . . .      Faith    .    f - +0 kite shield
rNeg    . . .      Spirit   .    b - +2 leather armour
rPois   .          Reflect  .    (no helmet)
rElec   .          Harm     .    (no cloak)
rCorr   .          Rampage  .    (no gloves)
Will    .....                    (no boots)
Stlth   +.........               (no amulet)
HPRegen 0.24/turn                (no ring)
MPRegen 0.08/turn                (no ring)

@: confused, ambrosia-drunk
A: demonic magic 1
a: Renounce Religion


You were on level 1 of the Dungeon.
You worshipped Xom.
You were a very special plaything of Xom.
You visited 1 branch of the dungeon, and saw 1 of its levels.

You collected 88 gold pieces.

Inventory:

Hand Weapons
 a - a +1 hand axe of chaos (weapon)
Missiles
 j - 17 stones
Armour
 b - a +2 leather armour (worn)
 f - a +0 kite shield (worn)
Potions
 h - a potion of magic
Miscellaneous
 c - a piece from Xom's chessboard (14/15) (quivered)


   Skills:
 + Level 3.2 Fighting
 + Level 2.9 Axes
 + Level 2.1 Armour
 + Level 1.3 Dodging
 + Level 0.5 Shields


You had one spell level left.
You didn't know any spells.
Your spell library was empty.

Dungeon Overview and Level Annotations

Branches:
Dungeon (1/15)

Altars:


Innate Abilities, Weirdness & Mutations

Spells you cast may paralyse adjacent enemies.


Message History

Your butterfly disappears in a puff of smoke!
You swap places.
The shadow imp barely misses your butterfly.
As you read the scroll labelled NAJAMI WIUBAWY, it crumbles to dust.
It is a scroll of amnesia.
You feel forgetful for a moment.
The shadow imp barely misses your butterfly.
As you read the scroll labelled UMEKHEL ETIXZI, it crumbles to dust.
It is a scroll of identify.
i - a scroll of enchant weapon
As you read the scroll of identify, it crumbles to dust.
g - a potion of ambrosia The shadow imp barely misses your butterfly.
Okay, then.
As you read the scroll of enchant weapon, it crumbles to dust.
Your +0 hand axe of chaos glows red for a moment.
The shadow imp hits your butterfly.
Your butterfly dies!
Your butterfly disappears in a puff of smoke!
You aren't carrying any scrolls.
You aren't carrying any scrolls.
You aren't carrying any scrolls.
Unknown command.
It was a potion of magic.
Magic courses through your body. "You have displeased me, mortal."
You feel weakened.
You make a move on Xom's chessboard...
The smoke demon seems to slow down.
The shadow imp hits you but does no damage.
You hit the shadow imp but do no damage.
Lightning courses through the shadow imp!
You kill the shadow imp!
The shadow imp disappears in a puff of smoke!
You are confused.
You feel invigorated.
You bump into the rock wall.
The smoke demon gestures at you. The ball of steam hits you!
Ouch! That really hurt!
You die... "I guess I need a new plaything now."

.....8.8..#.#.##.#..#
#.....⌠..........#..#
#.......##########..#
#....##..........#..#
#....##..#######.#..#
.....##..# #.#..#
.....##..# #.#..#
.....##..# #.#..#
..#......# #@####
..#.####.# #3#
..#.####.#######.#
..#.#....#...3...#
....#.####.#############
#.###'####.# #.........#
.........#.# #.#####.###
#........#3# #.# #.#
#........#.# #.# #.#


You could see a smoke demon (summoned, slow).

Vanquished Creatures
  A dart slug (D:1)
  4 endoplasms (D:1)
  A giant cockroach (D:1)
  2 goblins (D:1)
  A hobgoblin (D:1)
  A kobold (D:1)
  A quokka (D:1)
  A ball python (D:1)
  2 frilled lizards (D:1)
  3 rats (D:1)
17 creatures vanquished.

Notes
Turn   | Place    | Note
-------+----------+-------------------------------------------
     0 | D:1      | NinjaNoafa the Demonspawn Chaos Knight began the quest for
                  | the Orb.
     0 | D:1      | Reached XP level 1. HP: 18/18 MP: 1/1
    72 | D:1      | Reached skill level 1 in Dodging
   117 | D:1      | Found a faded altar of an unknown god.
   151 | D:1      | XOM: cloud trail
   318 | D:1      | Gained mutation: Spells you cast may paralyse adjacent
                  | enemies. [demonic ancestry]
   318 | D:1      | Reached XP level 2. HP: 24/24 MP: 2/2
   445 | D:1      | XOM: scenery: summon butterflies
   570 | D:1      | XOM: confuse monster(s)
   572 | D:1      | XOM: 5-stop teleportation journey
   575 | D:1      | XOM: scenery: 1 doors open
   607 | D:1      | XOM: scenery: 1 doors close
   792 | D:1      | XOM: god gift: scroll labelled BUZXOTUETTE {god gift}
   901 | D:1      | XOM: summons 2 hostile demons
   902 | D:1      | Noticed a smoke demon
   922 | D:1      | XOM: butterfly on damage
   937 | D:1      | XOM: stat loss: -1 Str (11/12)
   941 | D:1      | Killed from afar by a smoke demon

Illustrated notes

Levels and vault maps discovered:
D:1:      mrwooster_arrival_statue, layout_basic, serial_glass, glass_columns_a,
          glass_columns_b, basic_ecumenical_altar,
          chequers_serial_rivers_micro_c, hangedman_feature_mirror,
          chequers_serial_rivers_large_a, st_stairs_13

Skill      XL: |  1 |
---------------+----+-----
Dodging        | 1 |  1.3
Armour         | 2 |  2.1
Fighting       | |  3.2
Axes           | |  2.9
Shields        | |  0.5

Action                   || total
-------------------------++-------
Melee: Hand axe          ||    40
Evoke: Piece from Xom's  ||     1
  Use: Scroll            ||     5
       Potion            ||     2
 Stab: Confused          ||     1
Armor: Leather armour    ||    10
Dodge: Dodged            ||    14
Block: Kite shield       ||     8

Table legend: (Time is in decaauts)
 A = Elapsed time spent in this place.
 B = Non-inter-level travel time spent in this place.
 C = Inter-level travel time spent in this place.
 D = Time resting spent in this place.
 E = Time spent auto-exploring this place.
 F = Levels seen in this place.
 G = Mean time per level.
                   A        B        C        D        E       F      G
               +--------+--------+--------+--------+--------+-----+--------+
         Total |    958 |    958 |      0 |      0 |    736 |   1 |  958.0 |
       Dungeon |    958 |    958 |      0 |      0 |    736 |   1 |  958.0 |
               +--------+--------+--------+--------+--------+-----+--------+

Top non-repeatable levels by time:
     D:1: 958 daAuts
